 Dungeon Crawl Stone Soup version 0.21-a0-349-g0c35859 (webtiles) character file.

6239 Irenicus the Fighter (level 10, -5/73 HPs)
             Began as a Gnoll Chaos Knight on Oct 7, 2017.
             Slain by a hornet (7 damage)
             ... while paralysed by a hornet
             ... on level 8 of the Dungeon.
             The game lasted 00:27:16 (6942 turns).

Irenicus the Fighter (Gnoll Chaos Knight)           Turns: 6942, Time: 00:27:16

Health: -5/73      AC:  8    Str: 14    XL:     10   Next: 93%
Magic:  18/18      EV:  2    Int: 16    God:    Xom [......]
Gold:   509        SH:  0    Dex: 19    Spells: 17/20 levels left

rFire    + . .     SeeInvis +   a - +0 falchion (chaos)
rCold    . . .     Gourm    .   Q - +2 large shield
rNeg     . . .     Faith    .   b - +2 leather armour
rPois    .         Spirit   .   (helmet restricted)
rElec    .         Reflect  .   (no cloak)
rCorr    .         Harm     +   (no gloves)
MR       .....                  (no boots)
Stlth    +++.......             e - amulet of harm
HPRegen  0.62/turn              k - ring of see invisible
MPRegen  0.16/turn              s - ring of protection from fire

@: paralysed, lethally poisoned (-5 -> -7), hasted and slowed
A: distributed training, fangs 1, horns 1, large bone plates 1, thin metallic
scales 1, agile 1, frail 1, regeneration 1, screaming 2, sturdy frame 1, strong
nose
a: Renounce Religion


You were on level 8 of the Dungeon.
You worshipped Xom.
You were a very special plaything of Xom.
You were very hungry.

You visited 1 branch of the dungeon, and saw 10 of its levels.

You collected 509 gold pieces.

Inventory:

Hand Weapons
 a - a +0 falchion of chaos (weapon)
 y - a +0 rapier of speed
 H - a +0 club
Armour
 b - a +2 leather armour (worn)
 q - a cursed +1 helmet
 z - a +0 robe of magic resistance
 Q - a +2 large shield (worn)
Jewellery
 e - an amulet of harm (around neck)
 k - a ring of see invisible (left hand)
 o - a +4 ring of intelligence
 s - a ring of protection from fire (right hand)
 A - an uncursed ring of ice
Wands
 t - a wand of disintegration (3/24)
 F - a wand of random effects (7/48)
 K - a wand of polymorph (7/24)
 M - a wand of digging (19/24)
Scrolls
 d - 9 scrolls of identify
 g - a scroll of immolation {unknown}
 i - 4 scrolls of teleportation
 j - 3 scrolls of amnesia {unknown}
 m - 2 scrolls of magic mapping {unknown}
 n - 3 scrolls of enchant armour
 r - 4 scrolls of remove curse
 w - a scroll of recharging {unknown}
 x - 2 scrolls of blinking {unknown}
 E - a scroll of fog {unknown}
 L - a scroll of enchant weapon {unknown}
 N - a scroll of summoning {unknown}
Potions
 l - 3 potions of invisibility
 p - a potion of degeneration
 u - a potion of curing
 v - a potion of flight
 C - a potion of haste
 I - a potion of berserk rage {unknown}
 J - 2 potions of magic {unknown}
 O - a potion of heal wounds
Books
 D - a book of Misfortune

   Spells                             Type                      Level
   a - Confusing Touch                Hexes                        1
   b - Confuse                        Hexes                        3
   c - Gell's Gravitas                Translocation                3
   d - Petrify                        Transmutation/Earth          4
   e - Metabolic Englaciation         Hexes/Ice                    5
   f - Yara's Violent Unravelling     Hexes/Transmutation          5
Comestibles
 c - 9 bread rations
 f - 7 fruits
 h - 4 royal jellies
 B - 4 meat rations


   Skills:
 + Level 8.7 Fighting
 + Level 5.6 Short Blades
 + Level 8.7 Long Blades
 + Level 5.6 Axes
 + Level 5.6 Maces & Flails
 + Level 5.6 Polearms
 + Level 5.6 Staves
 + Level 5.6 Slings
 + Level 5.6 Bows
 + Level 5.6 Crossbows
 + Level 5.6 Throwing
 + Level 7.3 Armour
 + Level 6.2 Dodging
 + Level 5.6 Stealth
 + Level 5.6 Shields
 + Level 5.6 Unarmed Combat
 + Level 5.6 Spellcasting
 + Level 5.6 Conjurations
 + Level 5.6 Hexes
 + Level 5.6 Charms
 + Level 5.6 Summonings
 + Level 5.6 Necromancy
 + Level 5.6 Translocations
 + Level 5.6 Transmutations
 + Level 5.6 Fire Magic
 + Level 5.6 Ice Magic
 + Level 5.6 Air Magic
 + Level 5.6 Earth Magic
 + Level 5.6 Poison Magic
 + Level 5.6 Invocations
 + Level 5.6 Evocations


You had 17 spell levels left.
You knew the following spells:

 Your Spells              Type           Power        Failure   Level  Hunger
a - Confuse               Hex            ###.....     45%         3    ##.....


Dungeon Overview and Level Annotations

Branches:
Dungeon (10/15)            Temple (0/1) D:5            Lair (0/6) D:8
    Orc: D:9-12

Altars:
Dithmenos
Elyvilon
Gozag
Nemelex Xobeh
Ru
Sif Muna
Wu Jian
Xom
Yredelemnul
Zin
The Shining One

Shops:
D:4 :


Innate Abilities, Weirdness & Mutations

Your experience applies equally to all skills.
You have very sharp teeth.
Your uncanny sense of smell can sniff out nearby items.
You have a pair of small horns on your head.
You are partially covered in large bone plates. (SH +4)
You are partially covered in thin metallic scales. (AC +2)
You are agile. (Dex +2)
You are frail. (-10% HP)
Your natural rate of healing is unusually fast.
You sometimes yell uncontrollably at your foes.
Your movements are slightly less encumbered by armour. (ER -2)


Message History

You feel as though you will be slow longer.
You closely miss the hornet.
The hornet is moderately wounded.
You feel very sick. The hornet closely misses you.
You block the hornet's attack.
You slash the hornet!
The hornet is poisoned.
Your headbutt misses the hornet.
The hornet is heavily wounded.
You feel sick. You block the hornet's attack. The hornet stings you.
You feel as though you will be slow longer.
You feel yourself speed up.
You feel sick. The hornet stings you!
* * * LOW HITPOINT WARNING * * *
You suddenly lose the ability to move!
The hornet stings you but does no damage. x2
You feel sick. The hornet stings you.
* * * LOW HITPOINT WARNING * * *
You feel as though you will be slow longer.
* * * LOW HITPOINT WARNING * * *
You feel sick. The hornet stings you.
You die...
Xom titters!

PPP.P..P.# #.#######
...P..P#.# #.#..(..#
..P.PPP#.#####.#.....#
.P....##.#...........#
......##.#.###.#.....#
.#.##.##.#.# #.#######
...##>##.#.# #..#w#.#
##.##.#....###..##a#
∆∆
#.##...#.......@y#.#
∆∆
#.##......###..##a#.#
##.##..#.#.# #>.# ####
[........#.# #..#
...........# #..#
##.##...#### #..#
...##....... ...#
######..#### #.. ....


You could see 2 soldier ants and a hornet.

Vanquished Creatures
  A two-headed ogre (D:8)
  A kobold demonologist (D:9)
  3 hippogriffs
  A yak (D:9)
  A water moccasin (shapeshifter) (D:4)
  A water moccasin (D:7)
  3 porcupines (D:8)
  2 slaves (D:4)
  4 ice beasts
  An orc warrior (D:8)
  A black bear (D:8)
  A sky beast (D:7)
  2 phantoms (D:9)
  2 ogres (D:9)
  4 centaurs
  3 big kobolds
  4 bullfrogs
  A scorpion (D:6)
  10 killer bees (D:9)
  2 howler monkeys
  3 crimson imps
  A jelly (shapeshifter) (D:2)
  A quasit (D:7)
  A bullfrog zombie (D:8)
  6 orc priests
  6 hounds
  3 jellies
  3 bullfrog skeletons
  A hound (shapeshifter) (D:8)
  A gnoll shaman (D:9)
  4 iguanas
  12 orc wizards
  4 worker ants
  A hound zombie (D:6)
  A hound skeleton (D:4)
  14 adders
  8 gnolls
  A shadow imp (D:8)
  An adder zombie (D:7)
  2 worms
  2 leopard geckos (D:6)
  A leopard gecko (shapeshifter) (D:1)
  34 orcs
  2 ball pythons
  5 bats
  7 giant cockroaches
  8 goblins
  8 hobgoblins
  4 jackals
  2 quokkas
  8 frilled lizards
  7 kobolds
  A leopard gecko skeleton (D:4)
  A leopard gecko zombie (D:10)
  2 quokka skeletons
  17 rats
  A spectral orc (D:6)
  A fungus (D:8)
233 creatures vanquished.

Vanquished Creatures (collateral kills)
  A sky beast (D:5)
  A goblin (D:2)
  A hobgoblin (D:2)
3 creatures vanquished.

Vanquished Creatures (others)
  Maurice (D:8)
1 creature vanquished.

Grand Total: 237 creatures vanquished

Notes
Turn   | Place    | Note
-------+----------+-------------------------------------------
     0 | D:1      | Irenicus the Gnoll Chaos Knight began the quest for the Orb.
     0 | D:1      | Reached XP level 1. HP: 23/23 MP: 1/1
    14 | D:1      | XOM: divination: detect creatures
    18 | D:1      | Reached XP level 2. HP: 24/29 MP: 2/2
   471 | D:1      | XOM: silly message
   501 | D:1      | XOM: harmless Conj miscast
   578 | D:1      | XOM: harmless Ice miscast
   796 | D:2      | XOM: confuse monster(s)
   803 | D:2      | Reached XP level 3. HP: 35/35 MP: 3/3
   808 | D:2      | XOM: summons 3 friendly demons
   828 | D:2      | Reached skill level 1 in Short Blades
   828 | D:2      | Reached skill level 1 in Axes
   828 | D:2      | Reached skill level 1 in Maces & Flails
   828 | D:2      | Reached skill level 1 in Polearms
   828 | D:2      | Reached skill level 1 in Staves
   828 | D:2      | Reached skill level 1 in Slings
   828 | D:2      | Reached skill level 1 in Bows
   828 | D:2      | Reached skill level 1 in Crossbows
   828 | D:2      | Reached skill level 1 in Throwing
   828 | D:2      | Reached skill level 1 in Stealth
   828 | D:2      | Reached skill level 1 in Shields
   828 | D:2      | Reached skill level 1 in Unarmed Combat
   828 | D:2      | Reached skill level 1 in Spellcasting
   828 | D:2      | Reached skill level 1 in Conjurations
   828 | D:2      | Reached skill level 1 in Hexes
   828 | D:2      | Reached skill level 1 in Charms
   828 | D:2      | Reached skill level 1 in Summonings
   828 | D:2      | Reached skill level 1 in Necromancy
   828 | D:2      | Reached skill level 1 in Translocations
   828 | D:2      | Reached skill level 1 in Transmutations
   828 | D:2      | Reached skill level 1 in Fire Magic
   828 | D:2      | Reached skill level 1 in Ice Magic
   828 | D:2      | Reached skill level 1 in Air Magic
   828 | D:2      | Reached skill level 1 in Earth Magic
   828 | D:2      | Reached skill level 1 in Poison Magic
   828 | D:2      | Reached skill level 1 in Invocations
   828 | D:2      | Reached skill level 1 in Evocations
   838 | D:2      | Reached XP level 4. HP: 34/41 MP: 5/5
   890 | D:2      | Gained mutation: Your magical capacity is low. (-10% MP) [mutagenic meat]
   891 | D:2      | Gained mutation: You are weak. (Str -2) [mutagenic meat]
   906 | D:2      | Reached XP level 5. HP: 40/47 MP: 6/6
  1055 | D:2      | Found a white marble altar of Elyvilon.
  1481 | D:2      | XOM: mild Hex miscast
  1530 | D:2      | XOM: give mutation
  1530 | D:2      | Lost mutation: You are weak. (Str -2) [Xom's mischief]
  1895 | D:3      | Reached XP level 6. HP: 53/53 MP: 7/7
  2264 | D:4      | XOM: medium Pois miscast
  2267 | D:4      | Reached skill level 5 in Armour
  2527 | D:4      | Noticed a slave
  2527 | D:4      | Noticed a slave
  2528 | D:4      | Noticed a slave
  2528 | D:4      | Noticed a slave
  2528 | D:4      | XOM: harmless Ice miscast
  2530 | D:4      | Noticed Pikel
  2545 | D:4      | a slave changed into a big kobold
  2545 | D:4      | XOM: polymorph slave -> big kobold
  2562 | D:4      | Noticed an ice beast
  2562 | D:4      | a slave changed into an ice beast
  2562 | D:4      | XOM: polymorph slave -> ice beast
  2567 | D:4      | XOM: enchant monster (bad)
  2579 | D:4      | XOM: enchant monster (bad)
  2584 | D:4      | XOM: harmless Chrm miscast
  2612 | D:4      | XOM: cast spell 'Statue Form'
  2614 | D:4      | XOM: divination: detect creatures
  2616 | D:4      | Noticed Pikel
  2616 | D:4      | Pikel changed into Pikel the water moccasin
  2619 | D:4      | Killed a slave
  2626 | D:4      | Killed Pikel the water moccasin
  2626 | D:4      | Reached XP level 7. HP: 59/59 MP: 9/9
  2937 | D:4      | Found Lourudos's Book Shoppe.
  3151 | D:4      | XOM: harmless Ice miscast
  3331 | D:5      | Entered Level 5 of the Dungeon
  3452 | D:5      | XOM: cast spell 'Summon Butterflies'
  3454 | D:5      | XOM: summons friendly shadow imp
  3480 | D:5      | Found a shimmering altar of Xom.
  3644 | D:5      | Found a staircase to the Ecumenical Temple.
  3697 | D:5      | Found a sacrificial altar of Ru.
  3818 | D:5      | Found a glowing golden altar of the Shining One.
  3818 | D:5      | Found a white marble altar of Elyvilon.
  3819 | D:5      | Found a glowing silver altar of Zin.
  3920 | D:5      | Reached XP level 8. HP: 38/67 MP: 9/10
  3926 | D:5      | Found a deep blue altar of Sif Muna.
  4233 | D:6      | XOM: smoke on damage
  4435 | D:6      | Lost mutation: Your magical capacity is low. (-10% MP) [potion of mutation]
  4435 | D:6      | Gained mutation: You are covered in fur. (AC +1) [potion of mutation]
  4435 | D:6      | Gained mutation: Your spells are a little easier to cast, but a little less powerful. [potion of mutation]
  4435 | D:6      | Gained mutation: You occasionally shout uncontrollably at your foes. [potion of mutation]
  4435 | D:6      | Gained mutation: Your movements are slightly less encumbered by armour. (ER -2) [potion of mutation]
  4439 | D:6      | HP: 3/67 [orc priest/divine providence (14)]
  4572 | D:6      | Found an opulent altar of Gozag.
  4758 | D:6      | XOM: give mutations
  4758 | D:6      | Gained mutation: You are partially covered in large bone plates. (SH +4) [Xom's grace]
  4758 | D:6      | Gained mutation: Your natural rate of healing is unusually fast. [Xom's grace]
  4758 | D:6      | Gained mutation: You are partially covered in thin metallic scales. (AC +2) [Xom's grace]
  4758 | D:6      | Gained mutation: You have a pair of small horns on your head. [Xom's grace]
  4864 | D:6      | Found a basalt altar of Yredelemnul.
  5032 | D:7      | Noticed a hippogriff
  5044 | D:7      | Killed a hippogriff
  5051 | D:7      | Learned a level 3 spell: Confuse
  5094 | D:7      | XOM: divination: magic mapping
  5098 | D:7      | XOM: harmless Summ miscast
  5100 | D:7      | XOM: enchant monster (good)
  5105 | D:7      | Reached XP level 9. HP: 70/72 MP: 14/14
  5110 | D:7      | XOM: polymorph crimson imp -> quasit
  5126 | D:7      | XOM: summons friendly quasit
  5194 | D:7      | Gained mutation: You are agile. (Dex +2) [mutagenic meat]
  5202 | D:7      | Gained mutation: You are very agile. (Dex +4) [mutagenic meat]
  5203 | D:7      | Gained mutation: You sometimes yell uncontrollably at your foes. [mutagenic meat]
  5224 | D:7      | XOM: harmless Ice miscast
  5277 | D:7      | XOM: harmless Pois miscast
  5291 | D:7      | XOM: enchant monster (bad)
  5482 | D:8      | XOM: mild Ice miscast
  5508 | D:8      | Reached skill level 5 in Dodging
  5520 | D:8      | Noticed Maurice
  5530 | D:8      | XOM: give mutations
  5530 | D:8      | Lost mutation: Your spells are a little easier to cast, but a little less powerful. [Xom's mischief]
  5530 | D:8      | Lost mutation: You sometimes yell uncontrollably at your foes. [Xom's mischief]
  5530 | D:8      | Gained mutation: You sometimes yell uncontrollably at your foes. [Xom's mischief]
  5530 | D:8      | Lost mutation: You are covered in fur. (AC +1) [Xom's mischief]
  5546 | D:8      | Killed Maurice
  5556 | D:8      | Gained mutation: Your spells are a little easier to cast, but a little less powerful. [mutagenic meat]
  5574 | D:8      | XOM: swap monsters
  5613 | D:8      | XOM: swap monsters
  5619 | D:8      | XOM: chaos upgrade
  5641 | D:8      | Found a staircase to the Lair.
  5646 | D:8      | Reached XP level 10. HP: 44/80 MP: 15/17
  5724 | D:8      | Noticed a two-headed ogre
  5753 | D:8      | Killed a two-headed ogre
  5753 | D:8      | Reached skill level 5 in Short Blades
  5753 | D:8      | Reached skill level 5 in Axes
  5753 | D:8      | Reached skill level 5 in Maces & Flails
  5753 | D:8      | Reached skill level 5 in Polearms
  5753 | D:8      | Reached skill level 5 in Staves
  5753 | D:8      | Reached skill level 5 in Slings
  5753 | D:8      | Reached skill level 5 in Bows
  5753 | D:8      | Reached skill level 5 in Crossbows
  5753 | D:8      | Reached skill level 5 in Throwing
  5753 | D:8      | Reached skill level 5 in Stealth
  5753 | D:8      | Reached skill level 5 in Shields
  5753 | D:8      | Reached skill level 5 in Unarmed Combat
  5753 | D:8      | Reached skill level 5 in Spellcasting
  5753 | D:8      | Reached skill level 5 in Conjurations
  5753 | D:8      | Reached skill level 5 in Hexes
  5753 | D:8      | Reached skill level 5 in Charms
  5753 | D:8      | Reached skill level 5 in Summonings
  5753 | D:8      | Reached skill level 5 in Necromancy
  5753 | D:8      | Reached skill level 5 in Translocations
  5753 | D:8      | Reached skill level 5 in Transmutations
  5753 | D:8      | Reached skill level 5 in Fire Magic
  5753 | D:8      | Reached skill level 5 in Ice Magic
  5753 | D:8      | Reached skill level 5 in Air Magic
  5753 | D:8      | Reached skill level 5 in Earth Magic
  5753 | D:8      | Reached skill level 5 in Poison Magic
  5753 | D:8      | Reached skill level 5 in Invocations
  5753 | D:8      | Reached skill level 5 in Evocations
  5870 | D:8      | You fall through a shaft for 2 floors!
  5870 | D:10     | Entered Level 10 of the Dungeon
  5880 | D:9      | XOM: noise
  5910 | D:9      | You fall through a shaft!
  5947 | D:10     | XOM: 2-stop teleportation journey
  5950 | D:10     | XOM: repel stairs
  5969 | D:10     | XOM: enchant monster (bad)
  5996 | D:9      | Noticed a kobold demonologist
  6009 | D:9      | Killed a kobold demonologist
  6009 | D:9      | XOM: mild Tloc miscast
  6135 | D:9      | XOM: 2-stop teleportation journey
  6177 | D:9      | Found a sparkling altar of Nemelex Xobeh.
  6201 | D:9      | XOM: give mutations
  6201 | D:9      | Gained mutation: You are frail. (-10% HP) [Xom's mischief]
  6201 | D:9      | Lost mutation: You are very agile. (Dex +4) [Xom's mischief]
  6201 | D:9      | Lost mutation: Your spells are a little easier to cast, but a little less powerful. [Xom's mischief]
  6239 | D:9      | Found an ornate altar of the Wu Jian Council.
  6252 | D:9      | Found a shadowy altar of Dithmenos.
  6339 | D:9      | XOM: 3-stop teleportation journey
  6534 | D:9      | XOM: confusion (+ monsters)
  6545 | D:9      | XOM: confusion
  6546 | D:9      | HP: 1/73 [hippogriff (3)]
  6621 | D:9      | XOM: mild Hex miscast
  6816 | D:8      | XOM: noise
  6940 | D:8      | Paralysed by a hornet for 3 turns
  6941 | D:8      | HP: 2/73 [hornet (2)]
  6942 | D:8      | Slain by a hornet

Vault maps used:
D:1:      erik_arrival_orb_chamber
D:2:      lemuel_tele_altar
D:4:      serial_shops, kennysheep_mini_moat, uniq_pikel
D:5:      good_gods_mini_temple, lemuel_blue_sif_altar, lemuel_crystal_altar,
          minmay_temple_entry_grid, first_bread, nicolae_ru_awakened_eye
D:6:      yredelemnul_forgotten_temple_becter, basic_altar
D:8:      grunt_lair_entry_orc_guard_hut, hangedman_pestilent_swarm,
          uniq_maurice, uniq_prince_ribbit1
D:9:      nicolae_dithmenos_the_darkroom, kennysheep_mini,
          nemelex_xobeh_ov_fountains_minmay

Skill      XL: |  1  2  3  4  5  6  7  8  9 10 |
---------------+-------------------------------+-----
Short Blades   | 1 2 3 4 5 |  5.6
Axes           | 1 2 3 4 5 |  5.6
Maces & Flails | 1 2 3 4 5 |  5.6
Polearms       | 1 2 3 4 5 |  5.6
Staves         | 1 2 3 4 5 |  5.6
Slings         | 1 2 3 4 5 |  5.6
Bows           | 1 2 3 4 5 |  5.6
Crossbows      | 1 2 3 4 5 |  5.6
Throwing       | 1 2 3 4 5 |  5.6
Stealth        | 1 2 3 4 5 |  5.6
Shields        | 1 2 3 4 5 |  5.6
Unarmed Combat | 1 2 3 4 5 |  5.6
Spellcasting   | 1 2 3 4 5 |  5.6
Conjurations   | 1 2 3 4 5 |  5.6
Hexes          | 1 2 3 4 5 |  5.6
Charms         | 1 2 3 4 5 |  5.6
Summonings     | 1 2 3 4 5 |  5.6
Necromancy     | 1 2 3 4 5 |  5.6
Translocations | 1 2 3 4 5 |  5.6
Transmutations | 1 2 3 4 5 |  5.6
Fire Magic     | 1 2 3 4 5 |  5.6
Ice Magic      | 1 2 3 4 5 |  5.6
Air Magic      | 1 2 3 4 5 |  5.6
Earth Magic    | 1 2 3 4 5 |  5.6
Poison Magic   | 1 2 3 4 5 |  5.6
Invocations    | 1 2 3 4 5 |  5.6
Evocations     | 1 2 3 4 5 |  5.6
Dodging        | 3 4 5 6 |  6.2
Armour         | 5 6 7 |  7.3
Fighting       | 7 8 |  8.7
Long Blades    | 7 8 |  8.7

Action                   |  1- 3 |  4- 6 |  7- 9 | 10-12 || total
-------------------------+-------+-------+-------+-------++-------
Melee: Falchion          |    65 |   192 |   449 |   184 ||   890
       Bite              |     4 |    20 |    59 |    31 ||   114
       Punch             |       |       |    12 |     3 ||    15
       Headbutt          |       |       |    56 |    50 ||   106
 Cast: Confuse           |       |       |     7 |       ||     7
  Use: Potion            |       |     1 |     5 |     9 ||    15
       Scroll            |       |       |     4 |     1 ||     5
 Stab: Sleeping          |       |     5 |     6 |     1 ||    12
       Petrifying        |       |     1 |     1 |     2 ||     4
       Paralysed         |       |       |     6 |       ||     6
       Confused          |       |       |     7 |     2 ||     9
       Invisible         |       |       |     1 |       ||     1
       Petrified         |       |       |       |     1 ||     1
  Eat: Chunk             |       |     8 |    15 |     3 ||    26
       Fruit             |       |       |       |     1 ||     1
Armor: Leather armour    |    12 |    41 |   114 |    20 ||   187
       Skin              |       |     8 |    24 |    33 ||    65
Dodge: Dodged            |    31 |   123 |   245 |    89 ||   488
Block: Other             |       |       |    23 |    17 ||    40
       Large shield      |       |       |       |    63 ||    63
       Rpst.: Falchion   |    10 |    30 |    65 |    25 ||   130

Table legend:
 A = Spawn XP
 B = Non-spawn XP
 C = Spawn XP percentage of total XP
 D = Spawn monster count
 E = Non-spawn monster count
 F = Spawn count percentage of total count
 G = Total turns spent on level
                    A         B        C        D         E        F      G
               +---------+---------+-------+---------+---------+-------+---------
         Total |       0 |    8913 |   0.0 |       0 |     232 |   0.0 |  6942
               +---------+---------+-------+---------+---------+-------+---------
           D:1 |       0 |      30 |   0.0 |       0 |      21 |   0.0 |   795
           D:2 |       0 |     196 |   0.0 |       0 |      30 |   0.0 |   743
           D:3 |       0 |     103 |   0.0 |       0 |      24 |   0.0 |   630
           D:4 |       0 |     503 |   0.0 |       0 |      29 |   0.0 |  1165
           D:5 |       0 |     370 |   0.0 |       0 |      11 |   0.0 |   673
           D:6 |       0 |     720 |   0.0 |       0 |      25 |   0.0 |  1070
           D:7 |       0 |    1283 |   0.0 |       0 |      26 |   0.0 |   486
           D:8 |       0 |    2449 |   0.0 |       0 |      25 |   0.0 |   589
           D:9 |       0 |    2560 |   0.0 |       0 |      30 |   0.0 |   711
          D:10 |       0 |     699 |   0.0 |       0 |      11 |   0.0 |    80
               +---------+---------+-------+---------+---------+-------+---------
